 Dungeon Crawl Stone Soup version 0.26.1-2-gb8aa6d0 (webtiles) character file.

Game seed: 12148892720043208850

55 AmazingTV the Cudgeller (level 3, 0/33 HPs)
             Began as a Minotaur Berserker on June 4, 2021.
             Was a Believer of Trog.
             Shot with a stone by a goblin (4 damage)
             ... led by Robin
             ... on level 2 of the Dungeon.
             The game lasted 00:04:17 (889 turns).

AmazingTV the Cudgeller (Minotaur Berserker)         Turns: 889, Time: 00:04:17

Health: 0/33       AC:  2    Str: 21    XL:     3   Next: 67%
Magic:  2/2        EV: 12    Int:  5    God:    Trog [**....]
Gold:   82         SH:  0    Dex:  9    Spells: 2/2 levels left

rFire    . . .     SeeInvis .   a - +0 mace
rCold    . . .     Faith    .   (no shield)
rNeg     . . .     Spirit   .   b - +0 animal skin
rPois    .         Reflect  .   (helmet restricted)
rElec    .         Harm     .   (no cloak)
rCorr    .         Rampage  .   (no gloves)
Will     .....                  (no boots)
Stlth    +.........             (no amulet)
HPRegen  0.11/turn              (no ring)
MPRegen  0.08/turn              (no ring)

@: berserk cooldown
A: retaliatory headbutt, horns 2
a: Renounce Religion, Berserk, Trog's Hand


You were on level 2 of the Dungeon.
You worshipped Trog.
Trog was pleased with you.
You visited 1 branch of the dungeon, and saw 2 of its levels.

You collected 82 gold pieces.

Inventory:

Hand Weapons
 a - a +0 mace (weapon)
Missiles
 d - a throwing net (quivered)
 g - 3 atropa-tipped darts
 h - 11 arrows
 i - 49 stones
Armour
 b - a +0 animal skin (worn)
 j - a +0 ring mail
Wands
 k - a wand of iceblast (8)
Scrolls
 c - a scroll of teleportation {unknown}
 e - a scroll of identify {unknown}
 f - a scroll of magic mapping {unknown}
 l - a scroll of fog {unknown}


   Skills:
 + Level 4.1 Fighting
 + Level 4.4 Maces & Flails
 * Level 1.6 Throwing
 + Level 2.6 Armour
 + Level 2.3 Dodging
 + Level 0.1 Stealth


You had 2 spell levels left.
You didn't know any spells.
Your spell library was empty.

Dungeon Overview and Level Annotations

Branches:
Dungeon (2/15)

Altars:


Innate Abilities, Weirdness & Mutations

You reflexively headbutt those who attack you in melee.
You have a pair of horns on your head.


Message History

* * * LOW HITPOINT WARNING * * *
The hobgoblin hits you with a +0 club.
* * * LOW HITPOINT WARNING * * *
The goblin unwields a +0 dagger.
The goblin wields a +0 hunting sling.
The goblin shoots a stone.
The stone misses you.
You feel the effects of Trog's Hand fading.
The goblin shoots a stone.
The stone hits you!
* * * LOW HITPOINT WARNING * * *
The hobgoblin barely misses you.
You see here a stone.
You feel yourself speed up. The hobgoblin closely misses you.
The goblin shoots a stone.
The stone hits you.
* * * LOW HITPOINT WARNING * * *
You see here a stone.
Your skin stops crawling.
You feel less strong-willed.
The goblin shoots a stone.
The stone hits you but does no damage.
You see here a stone.
The goblin shoots a stone.
The stone hits you.
You die...

#........# #........#
#........# #
##...†..## #.
##....##. ##.###
##†####.. #....# #.<#
... #...[#####†## ....
#....##...@##.....
#.........(.......
#....#..#.g#####..
#......##..#
###...###g.#
#...###.(###
#.....(....#
#.........(######.#...
#......((.)).()).....#


You could see a hobgoblin and a goblin.

Vanquished Creatures
  Robin (D:2)
  A leopard gecko (D:1)
  2 bats (D:1)
  11 giant cockroaches
  8 goblins
  7 hobgoblins
  A frilled lizard (D:1)
  2 kobolds (D:1)
  3 rats (D:1)
36 creatures vanquished.

Vanquished Creatures (others)
  4 toadstools (D:1)
4 creatures vanquished.

Grand Total: 40 creatures vanquished

Notes
Turn   | Place    | Note
-------+----------+-------------------------------------------
     0 | D:1      | AmazingTV the Minotaur Berserker began the quest for the
                  | Orb.
     0 | D:1      | Reached XP level 1. HP: 19/19 MP: 0/0
   247 | D:1      | Reached XP level 2. HP: 27/27 MP: 1/1
   773 | D:2      | Reached skill level 1 in Throwing
   823 | D:2      | Reached XP level 3. HP: 33/33 MP: 2/2
   844 | D:2      | Noticed Robin
   848 | D:2      | Reached ** piety under Trog
   858 | D:2      | Killed Robin
   889 | D:2      | Shot with a stone by a goblin

Illustrated notes

Levels and vault maps discovered:
D:1:      ldierk_walled_garden_2, layout_basic
D:2:      minmay_roachtagon, layout_rooms,
          pdpol_temple_overflow_zin_treasury_gozag_greed,
          gammafunk_temple_overflow_elements, uniq_robin

Skill      XL: |  1  2  3 |
---------------+----------+-----
Maces & Flails | 4 |  4.4
Throwing       | 1 |  1.6
Fighting       | 4 |  4.1
Armour         | |  2.6
Dodging        | |  2.3
Stealth        | |  0.1

Action                   || total
-------------------------++-------
Melee: Mace              ||    59
       Headbutt          ||     5
Throw: Throwing net      ||     2
Invok: Berserk           ||     1
       Trog's Hand       ||     1
Armor: Animal skin       ||    22
Dodge: Dodged            ||    49
